cohdb
Replays
Latest Replays
All Replays
Popular Replays
Top Player Replays
Match Explorer
How It Works
Community
CoH3 Stats
Reddit
Sign in to upload your games and track your stats! →
Sign in with Steam
Match 43689759
Unlisted
Match 43689759
Overview
Messages
Build Orders
End
Kradschützen Motorcycle Team
Selects Panzerjäger Kommand Battlegroup
Panzergrenadier Squad
Panzergrenadier Squad
Construct Light Support Kompanie
Selects Mine Fields
MG34 Team
Panzergrenadier Squad
Selects Defensive Positions
Construct Mechanized Kompanie
Panzerjäger Mechanized Group
Combat Half-tracks
Support Armor Elements
StuG III D Assault Gun
Selects Butterfly Bomb Drop
Construct Panzerarmee Kommand
Pak 38 Mechanized Group
MG34 Team
Flak 36 Anti-tank Gun Team
Butterfly Bomb Drop
Selects Tank Busters
Selects Crew Shock Tactics
Veteran Squad Leaders
Butterfly Bomb Drop
Panzerpioneer Squad
NourS^^
Victor
hogarthw
Incenerator
Ado
ThE-mAsTeR [ESP]
Ricardo
GreyEuclid
0
0
Comments
sign in to comment!
No comments posted yet!